 Dungeon Crawl Stone Soup version 0.24.0-1-gfbc8707122 (webtiles) character file.

Game seed: 12194937160774638027, levelgen mode: deterministic

130098 mopl the Severer (level 16, 0/223 HPs)
             Began as a Minotaur Berserker on Oct 26, 2019.
             Was a High Priest of Trog.
             Slain by a vampire mosquito (7 damage)
             ... on level 4 of the Swamp.
             The game lasted 01:06:14 (30501 turns).

mopl the Severer (Minotaur Berserker)              Turns: 30501, Time: 01:06:14

Health: 0/223      AC: 17    Str: 34    XL:     16   Next: 52%
Magic:  0/20       EV: 16    Int: 10    God:    Trog [*****.]
Gold:   1821       SH:  0    Dex: 11    Spells: 15/15 levels left

rFire    + . .     SeeInvis .   a - +4 battleaxe (freeze)
rCold    + . .     Gourm    .   (shield currently unavailable)
rNeg     + . .     Faith    .   D - +0 chain mail {MR+}
rPois    +         Spirit   +   (helmet restricted)
rElec    .         Reflect  .   G - +0 cloak {rPois}
rCorr    .         Harm     .   W - +1 pair of gloves {archery}
MR       ++...                  (no boots)
Stlth    ..........             n - amulet of guardian spirit
HPRegen  0.47/turn              S - ring of Noimor {rC+ rN+ Str+5}
MPRegen  0.17/turn              X - ring of Xoezint Cena {rPois rF+ EV+1 Int+6 Dex-4}

@: berserking, marked, very slightly contaminated, starving, invisible, very
quick
A: retaliatory headbutt, horns 2
a: Berserk, Trog's Hand, Brothers in Arms, Renounce Religion


You were on level 4 of the Swamp.
You worshipped Trog.
Trog was extremely pleased with you.
You were starving.

You visited 5 branches of the dungeon, and saw 28 of its levels.
You also visited: Ossuary and Gauntlet.

You collected 2633 gold pieces.
You spent 812 gold pieces at shops.

Inventory:

Hand Weapons
 a - a +4 battleaxe of freezing (weapon)
 b - a +0 scimitar of flaming
 T - a +3 antimagic executioner's axe
Missiles
 d - 2 throwing nets
 f - 8 curare-tipped darts
 g - 62 poisoned darts
 h - 7 boomerangs of dispersal
 t - 24 javelins
 u - 37 boomerangs (quivered)
 H - 5 atropa-tipped darts
Armour
 D - a +0 chain mail of magic resistance (worn)
 G - a +0 cloak of poison resistance (worn)
 O - +0 swamp dragon scales
 W - a +1 pair of gloves of archery (worn)
Jewellery
 l - an uncursed ring of resist corrosion
 n - an amulet of guardian spirit (around neck)
 S - the ring of Noimor (left hand) {rC+ rN+ Str+5}
   (You found it in a Gauntlet)

   [ring of positive energy]

   It affects your strength (+5).
   It protects you from cold.
   It protects you from negative energy.
 X - the ring of Xoezint Cena (right hand) {rPois rF+ EV+1 Int+6 Dex-4}
   (You found it on level 10 of the Dungeon)

   [ring of evasion]

   It affects your evasion (+1).
   It affects your intelligence (+6).
   It affects your dexterity (-4).
   It protects you from fire.
   It protects you from poison.
Wands
 v - a wand of iceblast (16)
 w - a wand of flame (11)
 B - a wand of polymorph (1)
 I - a wand of acid (16)
 Z - a wand of disintegration (23)
Scrolls
 e - 23 scrolls of identify
 k - 2 scrolls of random uselessness {unknown}
 m - 8 scrolls of teleportation
 p - 14 scrolls of remove curse {unknown}
 y - 8 scrolls of immolation {unknown}
 A - 4 scrolls of fear {unknown}
 K - 4 scrolls of amnesia {unknown}
 Q - 3 scrolls of vulnerability {unknown}
 R - 2 scrolls of noise {unknown}
 U - 2 scrolls of magic mapping {unknown}
 V - a scroll of torment {unknown}
Potions
 i - a potion of heal wounds
 j - 5 potions of magic {unknown}
 q - 2 potions of ambrosia {unknown}
 r - 14 potions of haste {unknown}
 s - 6 potions of degeneration {unknown}
 x - 5 potions of agility {unknown}
 z - 12 potions of curing
 C - 7 potions of lignification {unknown}
 E - 4 potions of invisibility
 J - 7 potions of brilliance {unknown}
 L - 3 potions of cancellation {unknown}
 M - 7 potions of mutation {unknown}
 N - 9 potions of might {unknown}
Miscellaneous
 o - a lightning rod (4/4)
 F - a sack of spiders
 Y - a fan of gales (inert)
Comestibles
 c - 33 rations
 P - 6 chunks of flesh


   Skills:
 + Level 15.1 Fighting
 + Level 18.7 Axes
 + Level 12.7 Throwing
 + Level 15.0 Armour
 + Level 11.6 Dodging
 + Level 6.8 Evocations


You had 15 spell levels left.
You didn't know any spells.
Your spell library contained the following spells:

 Spells                   Type           Power        Failure   Level  Hunger
 Animate Skeleton         Necr           N/A          71%         1    ##.....
 Pain                     Necr           #...         71%         1    ##.....
 Corpse Rot               Necr           N/A          85%         2    ###....
 Ensorcelled Hibernation  Hex/Ice        #.....       85%         2    ###....
 Slow                     Hex            #.......     85%         2    ###....
 Song of Slaying          Chrm           #.......     85%         2    ###....
 Sublimation of Blood     Necr           #.........   85%         2    ###....
 Regeneration             Chrm/Necr      #.........   97%         3    ####...
 Summon Guardian Golem    Hex/Summ       #.......     97%         3    ####...
 Vampiric Draining        Necr           #.........   97%         3    ####...
 Animate Dead             Necr           N/A          100%        4    #####..
 Fulminant Prism          Conj/Hex       #.........   100%        4    #####..
 Agony                    Necr           #.......     100%        5    ######.
 Bolt of Draining         Conj/Necr      #.........   100%        5    ######.
 Dispel Undead            Necr           #.......     100%        5    ######.
 Excruciating Wounds      Chrm/Necr      #.........   100%        5    ######.
 Yara's Violent Unravell  Hex/Tmut       #.........   100%        5    ######.


Dungeon Overview and Level Annotations

Branches:
Dungeon (15/15)            Temple (1/1) D:6            Lair (6/6) D:10
  Swamp (4/4) Lair:4       Spider (0/4) Lair:2        Slime (0/5) Lair:6
    Orc (2/2) D:10            Elf (0/3) Orc:2        Vaults (0/5) D:13
 Depths (0/5) D:15        Ossuary (visited)         Gauntlet (visited)

Altars:
Dithmenos
Nemelex Xobeh
Okawaru
Sif Muna
Trog
Xom
Yredelemnul
Beogh
Jiyva

Shops:
D:4 }   D:7 [   D:12 [   D:13 *   D:14 *   Orc:1 **   Orc:2 *[:[

Annotations:
Lair:1 3 runed translucent doors, coffeespoons's ghost, journeyman MiBe
Lair:3 2 transporters, Loywebes's ghost, journeyman MiFi


Innate Abilities, Weirdness & Mutations

You reflexively headbutt those who attack you in melee.
You have a pair of horns on your head.


Message History

You slice one of the seven-headed hydra's heads off!
The six-headed hydra grows two more!
You hit the eight-headed hydra.
The eight-headed hydra seems to slow down.
You freeze the eight-headed hydra.
The eight-headed hydra is almost dead.
Unknown command.
You lop one of the eight-headed hydra's heads off!
The seven-headed hydra grows two more!
You open the nine-headed hydra like a pillowcase!!!
You freeze the nine-headed hydra.
You kill the nine-headed hydra!
Trog accepts your kill.
A vampire mosquito comes into view.
A vampire mosquito comes into view.
The vampire mosquito completely misses you.
There is a stone staircase leading up, spattered with blood here.
You barely miss the vampire mosquito.
Your headbutt misses the vampire mosquito.
The vampire mosquito bites you!
You die...

♣♣♣♣♣ ♣♣...♣♣♣♣♣♣♣♣♣
♣.≈≈≈...≈♣..≈♣
♣≈≈≈≈≈≈≈.♣.≈.♣ ≈
♣≈≈≈≈.≈≈§.♣..♣.≈
♣♣.≈≈≈..≈≈$.≈....
≈.≈♣♣♣♣≈...≈≈≈≈≈.≈≈.≈≈≈
.≈≈....÷@†≈.♣.≈≈..≈.≈≈≈
≈≈.≈.≈yy≈≈≈.§≈.♣♣♣≈.≈≈≈≈
..♣♣≈.≈≈≈≈≈.[..♣♣♣♣..≈.≈
♣.y.≈≈≈≈♣♣♣≈≈♣≈..♣♣...
≈≈...≈≈≈≈..♣♣♣≈≈≈≈.≈..≈
≈≈≈y.≈...♣≈§<.♣♣≈≈≈≈≈♣
...≈.≈≈.♣♣.§≈§.≈.≈≈≈.♣
≈.....§.♣ ♣≈≈≈.<†≈≈≈♣
♣♣♣ ..≈.≈≈≈≈.≈≈≈§≈♣


You could see 4 vampire mosquitoes.

Vanquished Creatures
  Saint Roka (Orc:2)
  Rupert (Orc:2)
  2 thorn hunters
  2 dire elephants
  Nessos (D:13)
  Snorg (D:12)
  Harold (D:7)
  2 ghost crabs (Swamp:2)
  17 hydras
  A merfolk avatar (Lair:6)
  3 shambling mangroves
  16 alligators
  2 centaur warriors
  5 two-headed ogres
  Urug (D:11)
  A death knight (D:14)
  2 sea snakes (Lair:6)
  5 swamp dragons
  3 unseen horrors
  A wolf spider zombie (D:14)
  An obsidian statue (Gauntlet)
  A harpy (Lair:6)
  An orange crystal statue (Gauntlet)
  A phantasmal warrior (D:14)
  4 orc sorcerers
  2 orc knights
  5 oklob plants
  3 ugly things
  A deep elf mage (D:13)
  2 wolf spiders
  A manticore (D:15)
  A cyclops (D:13)
  24 elephants
  4 black mambas
  A molten gargoyle (Lair:4)
  Joseph (D:10)
  2 gargoyles
  Psyche (D:12)
  6 rime drakes
  7 komodo dragons
  A minotaur zombie (Gauntlet)
  23 spiny frogs
  A tengu conjurer (D:14)
  An efreet (D:15)
  4 kobold demonologists
  A freezing wraith (D:14)
  2 jumping spiders (Lair:2)
  A polar bear (Lair:6)
  7 trolls
  5 hornets
  12 tyrant leeches
  15 slime creatures
  6 hippogriffs
  7 bog bodies
  19 blink frogs
  A meliai zombie (D:13)
  3 shadows
  4 wraiths
  4 vampires
  A centaur simulacrum (D:15)
  3 spriggans
  A redback (Lair:2)
  2 wyverns
  2 basilisks
  36 yaks
  2 hogs (D:13)
  A human (D:13)
  5 hungry ghosts
  11 vampire mosquitoes
  A steam dragon (Swamp:4)
  4 wargs
  13 swamp worms
  10 insubstantial wisps
  An acid dragon (D:12)
  Edmund (D:6)
  11 water moccasins
  A soldier ant (D:12)
  12 porcupines
  34 orc warriors
  6 swamp drakes
  6 sky beasts
  4 phantoms
  3 black bears
  3 ice beasts
  7 ogres
  16 centaurs
  6 wolves (Lair:2)
  11 crocodiles
  6 big kobolds
  18 bullfrogs
  3 water moccasin zombies (Ossuary)
  A wyvern zombie (D:9)
  4 scorpions
  7 killer bees
  A troll zombie (D:10)
  8 wights
  An electric eel (Lair:4)
  2 howler monkeys (D:14)
  8 crimson imps
  4 bullfrog zombies
  A quasit (D:8)
  4 bullfrog skeletons
  2 jellies
  6 hounds
  24 orc wizards
  Crazy Yiuf (D:6)
  12 orc priests
  2 gnoll shamans
  Jessica (D:2)
  4 iguanas
  8 centaur skeletons
  15 worker ants
  6 hell rats (Lair:5)
  A killer bee zombie (D:5)
  7 ogre zombies (D:10)
  2 big kobold zombies (Ossuary)
  5 hound skeletons
  A howler monkey zombie (D:7)
  3 mummies
  A worker ant zombie (D:6)
  8 gnolls
  6 adders
  2 shadow imps
  4 oozes
  3 adder zombies (Ossuary)
  An adder skeleton (D:4)
  3 worms
  4 leopard geckos
  71 orcs
  3 ball pythons
  8 giant cockroaches
  8 goblins
  7 hobgoblins
  17 jackals
  4 quokkas
  8 bats
  3 frilled lizards
  5 gnoll zombies (Ossuary)
  2 goblin zombies (D:10)
  A hobgoblin skeleton (D:10)
  5 hobgoblin zombies
  A jackal skeleton (D:4)
  24 kobolds
  5 kobold zombies (Ossuary)
  A leopard gecko skeleton (D:6)
  A leopard gecko zombie (D:5)
  7 orc skeletons (D:10)
  17 orc zombies
  A quokka skeleton (D:6)
  3 rats
  A bush (Lair:6)
  6 fungi
  7 plants
884 creatures vanquished.

Vanquished Creatures (collateral kills)
  A deep elf annihilator (D:10)
  A minotaur (Gauntlet)
  A fire dragon (Swamp:4)
  A catoblepas (Gauntlet)
  A tengu warrior (D:13)
  A fire crab (Swamp:4)
  A wizard (D:10)
  A necromancer (D:13)
  A wolf spider (Lair:2)
  A gargoyle (Gauntlet)
  A rime drake (Lair:6)
  A komodo dragon (Lair:6)
  A hippogriff (D:7)
  A water moccasin (Lair:6)
  An orc warrior (Orc:2)
  A swamp drake (Swamp:4)
  A jelly (D:7)
  An orc wizard (Orc:2)
  An orc priest (Orc:2)
  3 orcs (Orc:2)
22 creatures vanquished.

Vanquished Creatures (others)
  A spriggan druid (Swamp:4)
  2 lindwurms (Swamp:4)
  A steam dragon (Swamp:4)
  2 swamp drakes (Swamp:4)
  An orc wizard (D:3)
  49 fungi
  24 plants
  2 withered plants (Gauntlet)
82 creatures vanquished.

Grand Total: 988 creatures vanquished

Notes
Turn   | Place    | Note
-------+----------+-------------------------------------------
     0 | D:1      | mopl the Minotaur Berserker began the quest for the Orb.
     0 | D:1      | Reached XP level 1. HP: 19/19 MP: 0/0
   241 | D:1      | Reached skill level 4 in Axes
   246 | D:1      | Reached XP level 2. HP: 22/26 MP: 1/1
   918 | D:2      | Reached skill level 5 in Axes
  1032 | D:2      | Reached XP level 3. HP: 31/31 MP: 2/2
  1229 | D:2      | Reached ** piety under Trog
  1235 | D:2      | Noticed Jessica
  1240 | D:2      | Killed Jessica
  1240 | D:2      | Reached skill level 6 in Axes
  1240 | D:2      | Reached XP level 4. HP: 39/39 MP: 3/3
  1929 | D:3      | Reached XP level 5. HP: 30/45 MP: 4/4
  1998 | D:3      | Reached skill level 7 in Axes
  2375 | D:3      | Found a shimmering blue altar of Sif Muna.
  2388 | D:3      | Reached *** piety under Trog
  2566 | D:4      | Found a sparkling altar of Nemelex Xobeh.
  2672 | D:4      | Reached skill level 8 in Axes
  2678 | D:4      | Found Gyatok's Gadget Shoppe.
  2734 | D:4      | Reached XP level 6. HP: 51/51 MP: 5/5
  2993 | D:5      | Entered Level 5 of the Dungeon
  3023 | D:5      | Reached skill level 9 in Axes
  3109 | D:5      | Found a sand-covered staircase.
  3119 | Ossuary  | Entered an ossuary
  3142 | Ossuary  | Reached XP level 7. HP: 41/57 MP: 3/6
  3177 | Ossuary  | Reached skill level 10 in Axes
  3449 | Ossuary  | Reached **** piety under Trog
  3958 | D:5      | Noticed a two-headed ogre
  3977 | D:5      | Reached skill level 11 in Axes
  3991 | D:5      | Killed a two-headed ogre
  3991 | D:5      | Reached skill level 12 in Axes
  3991 | D:5      | Reached XP level 8. HP: 64/64 MP: 5/7
  4097 | D:5      | Reached skill level 13 in Axes
  4217 | D:5      | Got a transparent ring mail
  4325 | D:5      | Reached skill level 1 in Throwing
  4617 | D:6      | Found a staircase to the Ecumenical Temple.
  4641 | Temple   | Entered the Ecumenical Temple
  4666 | D:6      | Noticed Edmund
  4673 | D:6      | Killed Edmund
  4673 | D:6      | Reached XP level 9. HP: 72/72 MP: 6/8
  4905 | D:6      | Found a runed translucent door.
  4906 | D:6      | Noticed Crazy Yiuf
  5022 | D:6      | Reached skill level 5 in Fighting
  5317 | D:6      | Paralysed by Crazy Yiuf for 4 turns
  5322 | D:6      | Killed Crazy Yiuf
  5518 | D:7      | Noticed Harold
  5527 | D:6      | Reached ***** piety under Trog
  5707 | D:7      | Killed Harold
  5707 | D:7      | Reached skill level 5 in Armour
  5934 | D:7      | Found Bampy's Antique Armour Emporium.
  6214 | D:7      | Reached XP level 10. HP: 75/84 MP: 6/9
  6670 | D:7      | Received a gift from Trog
  6670 | D:7      | Reached skill level 14 in Axes
  6873 | D:8      | Noticed a two-headed ogre
  6885 | D:7      | Reached skill level 5 in Throwing
  7205 | D:8      | Killed a two-headed ogre
  7809 | D:9      | Received a gift from Trog
  8346 | D:10     | Entered Level 10 of the Dungeon
  8422 | D:10     | Noticed a gargoyle
  8427 | D:10     | Killed a gargoyle
  8481 | D:10     | Noticed a wizard
  8482 | D:10     | Noticed a deep elf annihilator
  8706 | D:10     | Killed a wizard
  8710 | D:10     | Killed a deep elf annihilator
  8710 | D:10     | Reached XP level 11. HP: 66/95 MP: 5/10
  8733 | D:10     | Got a translucent bronze ring
  8734 | D:10     | Identified Dunoamah's Guide on Summoning and Stolen Souls
  8736 | D:10     | Identified the ring of Xoezint Cena {rPois rF+ EV+1 Int+6
                  | Dex-4} (You found it on level 10 of the Dungeon)
  8775 | D:10     | Found a staircase to the Orcish Mines.
  8834 | D:10     | Received a gift from Trog
  8972 | D:10     | Reached skill level 15 in Axes
  9299 | D:10     | Found a staircase to the Lair.
  9303 | D:10     | Noticed Joseph
  9320 | D:10     | Killed Joseph
  9511 | Lair:1   | Entered Level 1 of the Lair of Beasts
  9513 | Lair:1   | Noticed an oklob plant
  9513 | Lair:1   | Noticed an oklob plant
  9675 | Lair:1   | Noticed Sonja
  9678 | Lair:1   | Noticed Sonja
  9678 | Lair:1   | Sonja changed into Sonja the black bear
  9682 | Lair:1   | Killed Sonja the black bear
 10129 | Lair:1   | Found a runed translucent gate.
 10129 | Lair:1   | Found a runed translucent gate.
 10129 | Lair:1   | Found a runed translucent gate.
 10129 | Lair:1   | Noticed an 11-headed hydra
 10129 | Lair:1   | Noticed coffeespoons's ghost (journeyman MiBe)
 10129 | Lair:1   | Noticed a ten-headed hydra
 10172 | Lair:1   | Reached skill level 10 in Fighting
 10602 | Lair:2   | Received a gift from Trog
 10861 | Lair:2   | Reached skill level 10 in Armour
 10863 | Lair:2   | Reached XP level 12. HP: 85/107 MP: 3/11
 11299 | Lair:2   | Found a hole to the Spider Nest.
 11506 | Lair:2   | Received a gift from Trog
 11865 | Lair:3   | Identified the cursed +1 trident of Deformation {speed,
                  | +Fly}
 11869 | Lair:3   | Found a bloodstained altar of Trog.
 11869 | Lair:3   | Identified the cursed +3 spear of Goefaatu {antimagic,
                  | +Blink rN+ Dex-5}
 11870 | Lair:3   | Noticed Loywebes's ghost (journeyman MiFi)
 11873 | Lair:3   | Found a transporter.
 11924 | Lair:3   | Found a shimmering altar of Xom.
 11939 | Lair:3   | Reached skill level 5 in Dodging
 12184 | Lair:3   | Found a transporter.
 12399 | Lair:3   | Reached skill level 16 in Axes
 12755 | Lair:4   | Noticed a four-headed hydra
 12791 | Lair:4   | Killed a four-headed hydra
 12807 | Lair:4   | Noticed an eight-headed hydra
 12853 | Lair:4   | Killed an eight-headed hydra
 13168 | Lair:4   | Reached XP level 13. HP: 116/116 MP: 12/12
 13188 | Lair:4   | Noticed a dire elephant
 13429 | Lair:4   | Killed a dire elephant
 13600 | Lair:4   | Found a staircase to the Swamp.
 13669 | Lair:4   | Received a gift from Trog
 14056 | Lair:5   | Reached skill level 10 in Throwing
 14506 | Lair:6   | Entered Level 6 of the Lair of Beasts
 15189 | Lair:6   | Identified Vall's Compendium of Enthralling Aid
 15557 | Lair:6   | Reached skill level 17 in Axes
 15648 | Lair:6   | Received a gift from Trog
 16176 | Lair:6   | Found a staircase to the Slime Pits.
 16177 | Lair:6   | Found a viscous altar of Jiyva.
 16304 | Lair:6   | Reached XP level 14. HP: 125/127 MP: 13/13
 17300 | D:11     | Noticed Urug
 17308 | D:11     | Killed Urug
 18052 | D:12     | Found Fowk's Antique Armour Shoppe.
 18080 | D:12     | Reached skill level 1 in Evocations
 18101 | D:12     | Noticed Snorg
 18116 | D:12     | Killed Snorg
 18396 | D:12     | Found a gate leading to a gauntlet.
 18403 | Gauntlet | Entered a Gauntlet
 18403 | Gauntlet | Found a transporter.
 18403 | Gauntlet | Found a transporter.
 18413 | Gauntlet | Found a transporter.
 18430 | Gauntlet | Found a transporter.
 18445 | Gauntlet | Found a transporter.
 18458 | Gauntlet | Found a transporter.
 18476 | Gauntlet | Found a transporter.
 18548 | Gauntlet | Found a transporter.
 18548 | Gauntlet | Found a transporter.
 18558 | Gauntlet | Found a transporter.
 18562 | Gauntlet | Found a transporter.
 18568 | Gauntlet | Found a transporter.
 18571 | Gauntlet | Found a transporter.
 18657 | Gauntlet | Found a transporter.
 18670 | Gauntlet | Found a transporter.
 18686 | Gauntlet | Found a transporter.
 18838 | Gauntlet | Got a vibrating amber ring
 18878 | Gauntlet | Identified the ring of Noimor {rC+ rN+ Str+5} (You found it
                  | in a Gauntlet)
 19639 | D:12     | Noticed Psyche
 19648 | D:12     | Killed Psyche
 20565 | D:13     | Found a gate to the Vaults.
 20727 | D:13     | Found Nuubuc's Blood Bar.
 20883 | D:13     | Noticed Nessos
 20888 | D:13     | Killed Nessos
 21630 | D:14     | Received a gift from Trog
 21825 | D:14     | Found Osirub's Assorted Antiques.
 21842 | D:14     | Bought a bubbling dark potion for 32 gold pieces
 21842 | D:14     | Bought a scroll labeled FAORAUCW BUOM for 36 gold pieces
 21842 | D:14     | Bought a sapphire potion for 32 gold pieces
 21842 | D:14     | Bought a blue potion for 32 gold pieces
 21842 | D:14     | Bought a scroll labeled JOMOWKAADD for 36 gold pieces
 22245 | D:15     | Entered Level 15 of the Dungeon
 22546 | D:15     | Reached XP level 15. HP: 131/137 MP: 16/16
 22673 | D:15     | Received a gift from Trog
 22680 | D:15     | Reached skill level 10 in Dodging
 22864 | D:15     | Received a gift from Trog
 23033 | D:15     | Found a staircase to the Depths.
 23302 | Orc:1    | Entered Level 1 of the Orcish Mines
 23369 | Orc:1    | Found a roughly hewn altar of Beogh.
 23542 | Orc:2    | Entered Level 2 of the Orcish Mines
 23611 | Orc:2    | Noticed Rupert
 23624 | Orc:2    | Killed Rupert
 23814 | Orc:2    | Reached skill level 18 in Axes
 24090 | Orc:1    | Received a gift from Trog
 24392 | Orc:2    | Found a staircase to the Elven Halls.
 24454 | Orc:1    | Found Uzaok's General Store.
 24504 | Orc:1    | Found Alemeovu's General Store.
 24520 | Orc:1    | Bought a scroll of teleportation for 33 gold pieces
 24588 | Orc:1    | Bought a potion of invisibility for 96 gold pieces
 24588 | Orc:1    | Bought a scroll of enchant armour for 90 gold pieces
 24588 | Orc:1    | Bought a scroll of identify for 24 gold pieces
 24810 | Orc:2    | Noticed Saint Roka
 24817 | Orc:2    | Received a gift from Trog
 24827 | Orc:2    | Killed Saint Roka
 24891 | Orc:2    | Found Ukavef's Book Shoppe.
 24891 | Orc:2    | Found Funitekk's Armour Shop.
 24893 | Orc:2    | Found Ymibboim's Assorted Antiques.
 24895 | Orc:2    | Found Buip's Antique Armour Emporium.
 24900 | Orc:2    | Bought a +1 pair of gloves of archery for 231 gold pieces
 24913 | Orc:2    | Bought a potion of curing for 102 gold pieces
 24913 | Orc:2    | Bought a scroll of identify for 68 gold pieces
 25463 | Swamp:1  | Entered Level 1 of the Swamp
 25476 | Lair:4   | Reached skill level 5 in Evocations
 26714 | Swamp:1  | Found a shimmering blue altar of Sif Muna.
 27394 | Swamp:2  | Received a gift from Trog
 27729 | Swamp:2  | Reached XP level 16. HP: 89/147 MP: 12/19
 28482 | Swamp:2  | You fall into a shaft and drop 1 floor!
 28547 | Swamp:3  | Found a bloodstained altar of Trog.
 28631 | Swamp:3  | Received a gift from Trog
 29343 | Swamp:3  | Received a gift from Trog
 29511 | Swamp:3  | Noticed a thorn hunter
 29524 | Swamp:3  | Killed a thorn hunter
 30041 | Swamp:4  | Entered Level 4 of the Swamp
 30422 | Swamp:4  | Noticed a thorn hunter
 30432 | Swamp:4  | Killed a thorn hunter
 30432 | Swamp:4  | Reached skill level 15 in Fighting
 30481 | Swamp:4  | Reached skill level 15 in Armour
 30496 | Swamp:4  | HP: 6/223 [six-headed hydra (8)]
 30501 | Swamp:4  | Slain by a vampire mosquito

Levels and vault maps discovered:
D:1:      dpeg_arrival_leaves_temple_mockup, layout_loops_corners
D:2:      layout_basic, uniq_jessica
D:3:      layout_loops_cross, first_ration, led_sif_book
D:4:      minmay_angry_zag, layout_rooms, nicolae_overflow_crystal_walls,
          serial_shops, shop
D:5:      layout_loops_cross, gup_ossuary_entry_pyramid, minmay_manual_mess
D:6:      layout_loops_ring, minmay_temple_entry_proselytizer, minmay_puff,
          uniq_crazy_yiuf_cottage, uniq_edmund
D:7:      layout_basic, serial_shops, shop, uniq_harold
D:8:      layout_rooms
D:9:      layout_loops_ring
D:10:     cheibrodos_wizards_tower, layout_gridville, lair_entry_dummy,
          zombieorc2_lemuel, uniq_joseph
D:11:     layout_basic, uniq_urug
D:12:     layout_basic, serial_shops, shop, gauntlet_entry_generic, uniq_psyche,
          uniq_snorg
D:13:     layout_small_grid, david_vaults_1, grunt_livestock,
          guppyfry_shop_blood, uniq_nessos
D:14:     layout_cave_pods, serial_shops, nicolae_shop_crystal
D:15:     hangedman_depths_entry_try_elsewhere_first, layout_long_grid
Temple:   grunt_wide_crystal_templ
Lair:1:   layout_big_grid, gammafunk_ghost_hydra_chop, beast_lair_carwin_3,
          serial_bayou_shore_b, minmay_lair_oklob_chamber, uniq_sonja
Lair:2:   layout_hall_layers, spider_nest_entry_funnel_web, serial_bayou_pond_a,
          infiniplex_staircase_pool_2
Lair:3:   layout_loops_ring, gammafunk_ghost_wrathful_warriors, basic_altar
Lair:4:   mu_elephants_graveyard, layout_gridlike, minmay_swamp_entry_worms,
          st_stairs_5
Lair:5:   layout_regular_city, grunt_forest_small_clearings,
          bh_autumn_forest_stairs, lemuel_fruit_fields, serial_bayou_shore_b
Lair:6:   gammafunk_lair_ancient_temple, layout_misc_corridors, slime_altar_1,
          minmay_lair_oklob_items, grunt_megastairs_2
Swamp:1:  layout_basic_swamp, basic_altar
Swamp:2:  layout_basic_swamp, evilmike_swamp_ruin_rubble_2
Swamp:3:  layout_basic_swamp, nicolae_swamp_godswood, swamp_pool1
Swamp:4:  swamp_fiery, layout_basic_swamp
Orc:1:    layout_diamond_mine, serial_shops, shop, nicolae_shop_waterfront,
          basic_altar
Orc:2:    st_orc_rangers, layout_diamond_mine, uniq_saint_roka, uniq_rupert

Skill      XL: |  1  2  3  4  5  6  7  8  9 10 11 12 13 14 15 16 |
---------------+-------------------------------------------------+-----
Axes           | 4 5 6 8 9 12 13 14 15 16 17 18 | 18.7
Fighting       | 4 6 8 10 11 12 13 14 15 | 15.1
Throwing       | 2 4 6 8 9 10 11 12 | 12.7
Armour         | 3 6 8 10 11 12 13 14 15 | 15.0
Dodging        | 3 6 8 9 11 | 11.6
Evocations     | 3 5 6 |  6.8

Action                   |  1- 3 |  4- 6 |  7- 9 | 10-12 | 13-15 | 16-18 || total
-------------------------+-------+-------+-------+-------+-------+-------++-------
Melee: Hand axe          |    57 |   161 |   285 |   215 |       |       ||   718
       Headbutt          |    11 |    21 |    74 |   122 |   242 |    49 ||   519
       Battleaxe         |       |       |       |   308 |   979 |   211 ||  1498
       Scimitar          |       |       |       |       |    29 |       ||    29
Throw: Boomerang         |       |       |       |    18 |    41 |    27 ||    86
       Dart              |       |       |       |     1 |       |       ||     1
Invok: Berserk           |     2 |     4 |     6 |    16 |    20 |     7 ||    55
       Brothers in Arms  |       |       |       |     3 |     9 |     4 ||    16
       Trog's Hand       |       |       |       |       |     8 |     1 ||     9
Evoke: Wand              |       |       |       |     3 |     5 |       ||     8
       Fan of gales      |       |       |       |       |       |     1 ||     1
  Use: Potion            |       |       |       |       |       |     6 ||     6
       Scroll            |       |       |       |       |       |     2 ||     2
 Stab: Sleeping          |     1 |       |       |       |       |       ||     1
       Invisible         |       |       |       |       |       |     8 ||     8
  Eat: Chunk             |     3 |     9 |    12 |    36 |    53 |     7 ||   120
       Ration            |       |       |     1 |     1 |     6 |     2 ||    10
Armor: Animal skin       |    12 |       |       |       |       |       ||    12
       Ring mail         |     5 |    13 |       |       |       |       ||    18
       Scale mail        |       |    47 |    82 |    16 |       |       ||   145
       Chain mail        |       |       |       |   194 |   177 |   113 ||   484
       Plate armour      |       |       |       |    34 |   353 |       ||   387
Dodge: Dodged            |    29 |    78 |    94 |   242 |   575 |   190 ||  1208
       Rpst.: Scimitar   |       |       |       |       |     7 |       ||     7
